 Dungeon Crawl Stone Soup version 0.22.1-1-ga44c0e5 (webtiles) character file.

571 Iscandelvey the Digger (level 6, -5/45 HPs)
             Began as a Demigod Earth Elementalist on Oct 23, 2018.
             Killed from afar by an orc wizard (7 damage)
             ... with a magic dart
             ... on level 4 of the Dungeon.
             The game lasted 00:13:27 (4170 turns).

Iscandelvey the Digger (Demigod Earth Elementalist) Turns: 4170, Time: 00:13:28

Health: -5/45      AC:  3    Str: 11    XL:     6   Next: 86%
Magic:  12/14      EV: 13    Int: 23    God:
Gold:   141        SH:  0    Dex: 16    Spells: 6/12 levels left

rFire    . . .     SeeInvis .   s - +2 short sword (freeze)
rCold    . . .     Gourm    .   (no shield)
rNeg     . . .     Faith    .   c - +0 robe
rPois    .         Spirit   .   (no helmet)
rElec    .         Reflect  .   q - +0 cloak
rCorr    .         Harm     .   (no gloves)
MR       .....                  (no boots)
Stlth    ++........             (no amulet)
HPRegen  0.15/turn              (no ring)
MPRegen  0.14/turn              (no ring)

@: no status effects
A: high mp 1
a: no special abilities


You were on level 4 of the Dungeon.
You were hungry.

You visited 1 branch of the dungeon, and saw 4 of its levels.

You collected 141 gold pieces.

Inventory:

Hand Weapons
 g - a +0 dagger
 p - a +0 scythe
 s - a +2 short sword of freezing (weapon)
Missiles
 b - 29 stones (quivered)
 r - 8 poisoned tomahawks
Armour
 c - a +0 robe (worn)
 k - a cursed +0 leather armour
 q - a +0 cloak (worn)
 u - a +0 scale mail of cold resistance
Jewellery
 t - a +3 ring of dexterity {unknown}
Scrolls
 e - 3 scrolls of enchant armour {unknown}
 i - 2 scrolls of magic mapping {unknown}
 j - 4 scrolls of identify {unknown}
Potions
 a - a potion of agility {unknown}
 f - a potion of flight {unknown}
 h - a potion of ambrosia {unknown}
 l - a potion of lignification {unknown}
 m - 2 potions of heal wounds {unknown}
 n - a potion of mutation {unknown}
 o - a potion of resistance {unknown}
 v - a potion of magic {unknown}
Comestibles
 d - 9 rations
 w - a chunk of flesh


   Skills:
 - Level 0.3 Short Blades
 - Level 0.4 Polearms
 * Level 2.3 Armour
 + Level 3.0 Dodging
 + Level 2.5 Stealth
 * Level 3.8 Spellcasting
 + Level 1.0 Transmutations
 * Level 4.7 Earth Magic


You had 6 spell levels left.
You knew the following spells:

 Your Spells              Type           Power        Failure   Level  Hunger
a - Sandblast             Erth           ####..       1%          1    None
b - Passwall              Tmut/Erth      ###.....     4%          2    #......
c - Stone Arrow           Conj/Erth      ###...       12%         3    ###....

Your spell library contained the following spells:

 Spells                   Type           Power        Failure   Level  Hunger
 Petrify                  Tmut/Erth      ###.....     32%         4    ####...
 Lee's Rapid Deconstruct  Erth           ####......   38%         5    ######.


Dungeon Overview and Level Annotations

Branches:
Dungeon (4/15)
 Temple: D:4-7


Innate Abilities, Weirdness & Mutations

You have an increased reservoir of magic. (+10% MP)


Message History

The orc wizard casts a spell at you. The magic dart hits you!
* * * LOW HITPOINT WARNING * * *
You begin to meditate on the wall.
You continue meditating on the rock.
The quokka misses you.
The orc wizard hits you but does no damage.
The quokka bites you.
* * * LOW HITPOINT WARNING * * *
You continue meditating on the rock.
The orc wizard points at you and mumbles some strange words.
The magic dart hits you!
* * * LOW HITPOINT WARNING * * *
The quokka bites you.
* * * LOW HITPOINT WARNING * * *
You continue meditating on the rock.
The orc priest calls upon Beogh to heal the orc.
The orc's wounds heal themselves!
The orc wizard points at you and mumbles some strange words.
The magic dart hits you!
You die...

###...O.....#....##
####.....#w...# .#
.###>....#.O.o## .###
..##...........##...###
#.######'#####.o.......
#.# #⌠.⌠# ##Zo####. .##
##.## ##Zs# ## '. #ro#
#@.# #### #### ...###
...... .....# ......
###... .. #.##.#####
#.# #....../.# #.#


You could see an orc priest, an orc wizard, an orc, a quokka, a giant cockroach,
a hound skeleton and a centaur skeleton.

Vanquished Creatures
  Grinder (D:3)
  Sigmund (D:3)
  A howler monkey (D:4)
  A bullfrog skeleton (D:4)
  An orc wizard (D:3)
  Jessica (D:3)
  2 adders
  An ooze (D:2)
  A worm (D:2)
  2 dart slugs
  A leopard gecko (D:3)
  4 orcs
  5 giant cockroaches
  7 goblins
  7 hobgoblins
  A quokka (D:3)
  5 ball pythons
  7 bats
  6 frilled lizards
  8 kobolds
  6 rats
69 creatures vanquished.

Notes
Turn   | Place    | Note
-------+----------+-------------------------------------------
     0 | D:1      | Iscandelvey the Demigod Earth Elementalist began the quest
                  | for the Orb.
     0 | D:1      | Reached XP level 1. HP: 14/14 MP: 5/5
   384 | D:1      | Reached skill level 3 in Earth Magic
   549 | D:1      | Reached XP level 2. HP: 19/20 MP: 7/7
  1660 | D:2      | Reached XP level 3. HP: 26/26 MP: 4/8
  1966 | D:2      | Found an ornate altar of the Wu Jian Council.
  2399 | D:3      | Noticed Sigmund
  2416 | D:2      | Learned a level 2 spell: Passwall
  2420 | D:2      | Learned a level 3 spell: Stone Arrow
  2459 | D:3      | Killed Sigmund
  2459 | D:3      | Reached skill level 1 in Armour
  2459 | D:3      | Reached skill level 1 in Transmutations
  2459 | D:3      | Reached XP level 4. HP: 3/33 MP: 1/11
  2459 | D:3      | Reached XP level 5. HP: 3/38 MP: 1/12
  2785 | D:3      | Noticed Jessica
  2802 | D:3      | Killed Jessica
  2802 | D:3      | Reached skill level 4 in Earth Magic
  3690 | D:3      | Found a basalt altar of Yredelemnul.
  3720 | D:3      | Found a white marble altar of Elyvilon.
  3752 | D:3      | Noticed Grinder
  3762 | D:3      | Killed Grinder
  3762 | D:3      | Reached XP level 6. HP: 30/45 MP: 6/14
  4169 | D:4      | HP: 2/45 [orc wizard/magic dart (5)]
  4170 | D:4      | Killed from afar by an orc wizard

Skill      XL: |  1  2  3  4  5 |
---------------+----------------+-----
Earth Magic    | 3 4 |  4.7
Spellcasting   | 2 3 |  3.8
Dodging        | 2 3 |  3.0
Stealth        | 2 |  2.5
Armour         | 1 2 |  2.3
Transmutations | 1 |  1.0
Short Blades   | |  0.3
Polearms       | |  0.4

Action                   |  1- 3 |  4- 6 || total
-------------------------+-------+-------++-------
Melee: Dagger            |   118 |       ||   118
       Scythe            |       |    47 ||    47
       Short sword       |       |    29 ||    29
 Cast: Sandblast         |    27 |    22 ||    49
       Passwall          |     1 |     1 ||     2
 Stab: Sleeping          |     4 |     4 ||     8
  Eat: Chunk             |     4 |     6 ||    10
Armor: Robe              |    42 |    15 ||    57
Dodge: Dodged            |   101 |    72 ||   173
